← All builds
Suicide front / Armada / Factory first / OBSERVED BUILD

Standard suicide front

The role's default: factory first (mostly Bot Lab), pushing Rocketeer-led bot play into the middle to contest and hold the front, with an Advanced Metal Extractor around 9:36 as the natural transition.

Usually lab first (63%)

#raid #push · 1289 distinct matches · 127 players · 71% of Armada Suicide front games · team won 59% of 1527 · Recently observed

HOW TO PLAY IT

Key timing: Bot Lab by 0:20

  1. Open with mex and wind, drop Bot Lab immediately.
  2. Push out first "Centurion" as Pond's boost lands.
  3. Send "Rocketeer", "Centurion", "Pawn" mix to contest middle.
  4. Add Dragon's Teeth and Sentries to hold the line.
  5. Get Advanced Metal Extractor up as T2 nears.

Phase by phase

TYPICAL OF ITS 1289 GAMES
  1. 1
  2. 2
  3. 3
PLAY THE OPENING

Follow the example game's first 6:00 step by step: what to build now, what comes next, and where it goes. At 1× it keeps pace with your own game.

  1. 1

    Bot Lab first

    Order
    1. Bot LabBot Lab done ~0:20, middle half 0:20–0:33

    Some games also: mex (36%)

  2. 2

    Bot Lab to 5:00

    Economy
    • Metal Extractor5Mex
    • Wind Turbine4Wind
    Builders
    • Construction Bot3 Con bot
    • Lazarus2 Lazarus
    Army
    • Sentry4 Sentry
    • Rocketeer17 Rocketeer
    • Tick2 Tick
    • Centurion1 Centurion
    Other
    • Radar Tower1 Radar Tower

    Some games also: con turret (35%) · pawn (32%)

    By 5:00 in all: 5 mex · 4 wind

    The example game in this phase · 48 steps
    1. TickTick
    2. Mex
    3. TickTick
    4. Wind
    5. LazarusLazarus
    6. Wind
    7. Mex
    8. Construction BotCon bot
    9. SentrySentry
    10. Construction BotCon bot
    11. Mex
    12. SentrySentry
    13. Mex
    14. Construction BotCon bot
    15. Radar TowerRadar Tower
    16. CenturionCenturion
    17. SentrySentry
    18. RocketeerRocketeer
    19. SentrySentry
    20. RocketeerRocketeer
    21. Wind
    22. SentrySentry
    23. RocketeerRocketeer
    24. Wind
    25. Mex
    26. Wind
    27. RocketeerRocketeer
    28. Radar TowerRadar Tower
    29. Wind
    30. RocketeerRocketeer
    31. Wind
    32. SentrySentry
    33. Wind
    34. RocketeerRocketeer
    35. SentrySentry
    36. RocketeerRocketeer ×2
    37. SentrySentry
    38. RocketeerRocketeer ×2
    39. SentrySentry
    40. RocketeerRocketeer
    41. SentrySentry
    42. RocketeerRocketeer
    43. SentrySentry
    44. RocketeerRocketeer
    45. LazarusLazarus
    46. SentrySentry
    47. RocketeerRocketeer ×5
    48. LazarusLazarus
  3. 3

    5:00 to 10:00

    Economy
    • Metal Extractor1Mex
    • Wind Turbine17Wind
    Builders
    • Construction Turret2 Con turret
    • Lazarus2 Lazarus
    • Construction Bot1 Con bot
    Army
    • Sentry1 Sentry
    • Rocketeer8 Rocketeer
    • Pawn1 Pawn

    Some games also: tick (47%) · energy storage (46%) · Radar Tower (46%) · centurion (45%) · Beamer (39%)

    By 10:00 in all: 6 mex · 23 wind · 1 energy storage · 3 con turret

    The example game in this phase · 43 steps
    1. LazarusLazarus
    2. RocketeerRocketeer ×5
    3. JanusJanus
    4. RocketeerRocketeer ×3
    5. ThugThug
    6. RocketeerRocketeer
    7. ThugThug
    8. LazarusLazarus
    9. ThugThug
    10. Con turret
    11. LazarusLazarus
    12. ThugThug
    13. Mex
    14. ThugThug
    15. Con turret
    16. LazarusLazarus
    17. RocketeerRocketeer ×2
    18. SentrySentry
    19. RocketeerRocketeer ×2
    20. SentrySentry
    21. RocketeerRocketeer ×2
    22. SentrySentry
    23. RocketeerRocketeer ×5
    24. Mex
    25. RocketeerRocketeer
    26. BlitzBlitz
    27. RocketeerRocketeer ×2
    28. Mex
    29. RocketeerRocketeer ×2
    30. MaceMace
    31. RocketeerRocketeer
    32. MaceMace
    33. Mex
    34. RocketeerRocketeer
    35. MaceMace
    36. Wind
    37. RocketeerRocketeer
    38. Wind
    39. RocketeerRocketeer
    40. MaceMace
    41. Wind
    42. BlitzBlitz
    43. MaceMace

Counts are medians over the build's games: half of them build more, half fewer. The example game is ManBearPig_'s (39 OS, 27/09/2026); pick another.

Team trades

IN AT LEAST 30% OF ITS GAMES

You hand over

Nothing regular.

You get

  • Tidal Generator4 Tidal from Pondfirst at 0:10 · in 69% of games
  • Advanced Construction Bot1 T2 con bot from Geo or Techfirst at 7:31 · in 59% of games

How it plays out

Typical game of this build, running totals by minute

Metal produced

010k20k30k
0:005:0010:0015:00

metal

Enemy metal destroyed

05k10k
0:005:0010:0015:00

metal

Own metal lost

05k10k
0:005:0010:0015:00

metal

1527 games.

Show as table
ByMetal produced: This buildEnemy metal destroyed: This buildOwn metal lost: This build
1:0022600
2:0088800
3:002050179106
4:003161658496
5:00424314121026
6:00543322971789
7:00667031752710
8:00792040293619
9:00931747894495
10:001069754225316
11:001226558996054
12:001411464906830
13:001623070097536
14:001811476808373
15:002046683169249
WHAT THE NUMBERS SAY

Standard suicide front play wins slightly more than half its games with fast kills but also fast losses, matching the raw grind of the role.

  • + First kill lands by 2:04 in all games
  • + Metal produced reaches 19882 by 15:00
  • − Own metal lost hits 9208 by 15:00, near metal destroyed of 8172
  • − First unit lost as early as 2:08 in every game
THE EXAMPLE YOU ARE READING

ManBearPig_

39.0 OS · 27/09/2026

Open source match ↗

4 received units
145 metal received · 7409 energy received

Allied construction assistance is unknown. Timings are observations, not a promise of solo reproducibility.

Typical milestones

Bot Lab0:20Middle 50%: 0:20–0:33 · n=1520
Advanced Metal Extractor9:36Middle 50%: 8:41–10:48 · n=1126

Played most by

_X_253games of this buildPlatinumBlonde181games of this buildXad120games of this buildImmort73games of this buildwatermeloans58games of this build